AoeStats
← KaLong

Fortress

508289289Analyzed
4v4 RM · 11d ago on Sep 21, 2026· 34m 56s· 8 players
Game mode
Random Map
Map size
Huge
Population
200
Speed
Normal
Resources
Standard
Victory
Conquest
Starting age
Dark Age
Ending age
Imperial Age
RankedLock teamsTeams togetherTeam positionsShared explorationLock speedFull tech treeHidden civsTurbo modeCheats
Victory
Defeat
🇭🇰 Spanish · Hong Kong SAR China
1591
+10
🇺🇸 Turks · United States
1478
+15
🇮🇳 Franks · India
1435
+16
🇫🇷 Khmer · France
1370
+19
🇪🇸 Italians · Spain
1521
-18
🇨🇴 Tupi · Colombia
1454
-15
🇺🇸 Khmer · United States
1449
-15
🇭🇰 Bohemians · Hong Kong SAR China
1360
-12
Puskas
7:48 Feudal Age
11:40 Castle Age
9:34 Double-Bit Axe
9:52 Horse Collar
12:57 Bow Saw
14:12 Heavy Plow
18:05 Gold Mining
19:03 Loom
19:54 Wheelbarrow
19:36 Fletching
20:24 Bodkin Arrow
22:23 Stone Mining
23:26 Padded Archer Armor
23:49 Ballistics
26:27 Imperial Age
25:22 Stone Shaft Mining
25:32 Town Watch
26:02 Hand Cart
27:03 Town Patrol
27:24 Thumb Ring
28:23 Conscription
27:24 Elite Genoese Crossbowman
28:35 Bracer
28:50 Leather Archer Armor
30:10 Coinage
31:00 Chemistry
32:33 Banking
32:23 Fortified Wall
35:09 Ring Archer Armor
Feifred
7:22 Feudal Age
11:12 Castle Age
9:22 Double-Bit Axe
9:34 Horse Collar
14:47 Bow Saw
14:48 Heavy Plow
23:59 Loom
26:59 Imperial Age
25:48 Wheelbarrow
25:24 Husbandry
25:34 Bloodlines
25:51 Forging
25:58 Gold Mining
26:33 Tusk Swords
27:48 Iron Casting
27:19 Scale Barding Armor
27:17 Stone Mining
28:03 Gold Shaft Mining
28:09 Conscription
29:54 Blast Furnace
29:12 Elite Battle Elephant
30:28 Hand Cart
Giacomo
7:32 Feudal Age
11:37 Castle Age
9:58 Double-Bit Axe
10:02 Horse Collar
10:58 Gold Mining
11:01 Fletching
12:31 Bodkin Arrow
13:17 Loom
16:41 Ballistics
19:51 Bow Saw
20:49 Heavy Plow
21:34 Wheelbarrow
27:14 Hand Cart
30:24 Imperial Age
28:26 Padded Archer Armor
28:07 Treadmill Crane
28:31 Town Watch
29:47 Leather Archer Armor
29:28 Gold Mining
29:30 Stone Mining
31:05 Coinage
30:35 Caravan
31:09 Bracer
32:16 Chemistry
31:55 Conscription
32:03 Murder Holes
32:04 Onager
33:08 Capped Ram
33:59 Pikeman
302
10:19 Feudal Age
14:20 Castle Age
12:43 Double-Bit Axe
13:57 Horse Collar
18:30 Imperial Age
15:47 Loom
17:32 Chemistry
19:52 Wagenburg Tactics
24:39 Ballistics
32:54 Wheelbarrow
Morris=w=
6:51 Feudal Age
10:55 Castle Age
9:47 Double-Bit Axe
9:46 Horse Collar
15:43 Loom
17:39 Bow Saw
18:51 Wheelbarrow
18:31 Gold Mining
19:27 Heavy Plow
20:42 Town Watch
20:47 Light Cavalry
21:37 Bloodlines
21:53 Forging
22:06 Husbandry
22:13 Scale Barding Armor
28:01 Imperial Age
26:56 Hand Cart
27:26 Chain Barding Armor
27:42 Iron Casting
28:03 Cavalier
29:22 Plate Barding Armor
29:10 Conscription
28:43 Stone Mining
28:59 Capped Ram
29:23 Paladin
30:51 Coinage
30:52 Siege Ram
34:29 Elite Skirmisher
35:15 Thumb Ring
35:03 Fletching
36:13 Blast Furnace
Rocgash
7:27 Feudal Age
8:32 Double-Bit Axe
11:02 Castle Age
8:50 Horse Collar
12:41 Bow Saw
14:08 Wheelbarrow
15:12 Loom
22:50 Stone Mining
22:55 Gold Mining
24:14 Heavy Plow
25:07 Stone Shaft Mining
25:09 Gold Shaft Mining
24:22 Town Watch
25:01 Hand Cart
30:09 Imperial Age
29:57 Bloodlines
29:48 Husbandry
29:56 Scale Barding Armor
30:48 Ballistics
30:58 Double Crossbow
31:04 Double Crossbow
31:24 Conscription
32:40 Chemistry
33:12 Siege Engineers
32:59 Elite Ballista Elephant
KaLong
7:49 Feudal Age
9:47 Loom
12:23 Castle Age
11:32 Gold Mining
11:39 Double-Bit Axe
16:37 Imperial Age
23:51 Padded Archer Armor
32:13 Bow Saw
33:11 Horse Collar
Maverick
7:28 Feudal Age
11:20 Castle Age
9:31 Double-Bit Axe
12:32 Bow Saw
14:31 Loom
19:20 Wheelbarrow
21:41 Hand Cart
25:44 Imperial Age
24:18 Gold Mining
24:36 Scale Barding Armor
24:42 Forging
24:55 Husbandry
26:45 Chain Barding Armor
27:01 Iron Casting
25:46 Cavalier
26:29 Chivalry
26:49 Conscription
27:16 Paladin
29:20 Plate Barding Armor
29:47 Blast Furnace
Connection lost

Rejoining the realm…

Still unreachable

The connection could not be restored.

Session expired

The server has moved on; the page needs a fresh start.